← All builds
Beach sea / Cortex / Economy first / OBSERVED BUILD

Standard beach sea

The role's usual play: com goes to sea to build a shipyard around 2 minutes, pumping frigates and destroyers to contest enemy sea entry or hold vision, with an advanced metal extractor around 10 minutes as the transition into the team's…

Usually shipyard first (94%)

#naval #eco · 729 distinct matches · 102 players · 84% of Cortex Beach sea games · team won 55% of 789 · Recently observed

HOW TO PLAY IT

Key timing: Shipyard by 1:57

  1. Open 3 mex and wind while com heads straight to sea.
  2. Drop Shipyard fast, before 2:00, to seize early sea presence.
  3. Push "frigate" out to contest enemy sea entry or hold vision.
  4. Add "destroyer" as the fleet grows.
  5. Transition into Advanced Metal Extractor to catch up on eco.

Phase by phase

TYPICAL OF ITS 729 GAMES
  1. 1
  2. 2
  3. 3
PLAY THE OPENING

Follow the example game's first 6:00 step by step: what to build now, what comes next, and where it goes. At 1× it keeps pace with your own game.

  1. 1

    Up to the Shipyard

    Economy
    • Metal Extractor3Mex
    • Wind Turbine3Windfor allies
    • Wind Turbine2Wind
    • Energy Storage1Energy storage
    Order
    1. ShipyardShipyard after 3 mex, 2 wind, 1 energy storagedone ~1:57, middle half 1:45–2:08

    By 1:41 in all: 3 mex · 2 wind · 1 energy storage

    The example game in this phase · 3 steps
    1. Mex ×3
    2. Tidal ×2
    3. ShipyardShipyarddone 1:23 · typical 1:57
  2. 2

    Shipyard to 5:00

    Economy
    • Metal Extractor5Mex
    • Tidal Generator1Tidal
    Builders
    • Construction Ship2 Con ship
    Army
    • Riptide2 Frigate
    • Herring1 Missile corvette
    • Oppressor1 Destroyer
    Other
    • Naval Radar / Sonar Tower1 Naval Radar / Sonar Tower

    Some games also: Urchin (42%) · wind (41%) · submarine (40%) · con turret (35%) · gunboat (34%)

    By 5:00 in all: 8 mex · 3 wind · 2 tidal · 1 energy storage

    The example game in this phase · 27 steps
    1. Tidal
    2. SupporterGunboat
    3. Tidal
    4. SupporterGunboat
    5. Tidal
    6. Wind
    7. SupporterGunboat
    8. Wind
    9. Construction ShipCon ship
    10. Wind
    11. Construction ShipCon ship
    12. HerringMissile corvette
    13. Mex
    14. HerringMissile corvette
    15. Mex
    16. RiptideFrigatedone 3:22 · typical 3:51
    17. Mex
    18. RiptideFrigate
    19. Mex
    20. Tidal
    21. Mex
    22. Energy storage
    23. HerringMissile corvette
    24. UrchinUrchin
    25. OppressorDestroyerdone 5:24 · typical 5:09
    26. Mex ×2
    27. Naval Radar / Sonar TowerNaval Radar / Sonar Tower
  3. 3

    5:00 to 10:00

    Economy
    • Metal Extractor1Mex
    • Wind Turbine10Wind
    Builders
    • Death Cavalry1 Death Cavalry
    • Construction Ship1 Con ship
    Army
    • Riptide5 Frigate
    • Oppressor2 Destroyer
    • Herring2 Missile corvette
    Other
    • Naval Radar / Sonar Tower1 Naval Radar / Sonar Tower

    Some games also: Urchin (50%) · Naval Construction Turret (47%) · Guard (47%) · Radar Tower (41%) · tidal (38%)

    By 10:00 in all: 9 mex · 12 wind · 4 wind · 4 tidal · 1 energy storage · 1 Naval Construction Turret

    The example game in this phase · 106 steps
    1. Radar TowerRadar Tower
    2. ThistleThistle
    3. Wind
    4. Death CavalryDeath Cavalry
    5. Wind
    6. UrchinUrchin
    7. GuardGuard
    8. Construction ShipCon ship
    9. Wind
    10. Naval Construction Turret
    11. Construction ShipCon ship
    12. Wind
    13. HerringMissile corvette
    14. RiptideFrigate ×2
    15. Con turret
    16. OppressorDestroyer
    17. Advanced Metal ExtractorT2 mexdone 8:57 · typical 9:57
    18. GuardGuard
    19. Death CavalryDeath Cavalry
    20. Naval Construction Turret
    21. GuardGuard
    22. UrchinUrchin
    23. RiptideFrigate
    24. UrchinUrchin
    25. HerringMissile corvette
    26. UrchinUrchin
    27. RiptideFrigate
    28. Converter
    29. SlingshotSlingshot ×2
    30. RiptideFrigate
    31. Converter ×2
    32. OppressorDestroyer
    33. SlingshotSlingshot
    34. Naval Construction Turret
    35. Converter
    36. Death CavalryDeath Cavalry
    37. Converter ×2
    38. RiptideFrigate
    39. Tidal
    40. Wind
    41. Advanced Metal ExtractorT2 mex
    42. HerringMissile corvette
    43. GuardGuard
    44. Tidal
    45. Wind
    46. RiptideFrigate
    47. GuardGuard
    48. Wind
    49. Tidal
    50. RiptideFrigate
    51. Radar TowerRadar Tower
    52. Tidal
    53. Wind
    54. GuardGuard
    55. OppressorDestroyer
    56. Tidal
    57. Naval Construction Turret
    58. Wind
    59. GuardGuard
    60. Wind
    61. SlingshotSlingshot
    62. Advanced Metal ExtractorT2 mex
    63. Wind
    64. Tidal
    65. SlingshotSlingshot
    66. Death CavalryDeath Cavalry
    67. Tidal
    68. Wind
    69. Tidal
    70. RiptideFrigate
    71. Wind
    72. SlingshotSlingshot
    73. Tidal
    74. HerringMissile corvette
    75. Tidal
    76. Wind
    77. RiptideFrigate
    78. Tidal
    79. Wind
    80. UrchinUrchin
    81. Tidal
    82. RiptideFrigate
    83. Wind
    84. Tidal
    85. UrchinUrchin
    86. OppressorDestroyer
    87. Tidal
    88. Naval Construction Turret
    89. Advanced Metal ExtractorT2 mex
    90. Tidal
    91. HerringMissile corvette
    92. Tidal
    93. HerringMissile corvette
    94. Tidal
    95. Death CavalryDeath Cavalry
    96. Tidal ×2
    97. RiptideFrigate
    98. Tidal
    99. Naval Construction Turret
    100. HerringMissile corvette
    101. RiptideFrigate
    102. Tidal
    103. Advanced ShipyardAdvanced Shipyardnot finished by 15:00
    104. RiptideFrigate
    105. Naval Construction Turret
    106. OppressorDestroyer

Counts are medians over the build's games: half of them build more, half fewer. The example game is TheSituation's (49 OS, 20/09/2026); pick another.

Team trades

IN AT LEAST 30% OF ITS GAMES

You hand over

  • Wind Turbine3 Wind to Airfirst at 1:54 · in 79% of games

You get

  • Finch1 Finch from Airfirst at 1:58 · in 81% of games
  • Lazarus1 Lazarus from Geofirst at 2:14 · in 62% of games
  • Hephaestus1 Heavy transport from Airfirst at 2:16 · in 68% of games
  • Construction Bot1 Con bot from Geofirst at 2:29 · in 69% of games
  • Hercules1 Light transport from Airfirst at 2:35 · in 31% of games
  • Advanced Construction Bot1 T2 con bot from Techfirst at 8:09 · in 88% of games

How it plays out

Typical game of this build, running totals by minute

Metal produced

010k20k30k
0:005:0010:0015:00

metal

Enemy metal destroyed

05k10k
0:005:0010:0015:00

metal

Own metal lost

02.5k5k7.5k
0:005:0010:0015:00

metal

789 games.

Show as table
ByMetal produced: This buildEnemy metal destroyed: This buildOwn metal lost: This build
1:0040300
2:0093700
3:00156300
4:002522050
5:003699194100
6:005026532250
7:0064731100588
8:00808018571041
9:00968328851621
10:001160240232345
11:001382252273090
12:001635262003851
13:001911172574621
14:002186583045721
15:002487692656531
WHAT THE NUMBERS SAY

Standard Beach sea wins more than Geo sea's 50% and gets its Shipyard up faster, using early sea access before falling behind on land resources.

  • + Shipyard finishes by 1:57, faster than Geo sea's 3:18
  • + 54% team win rate beats the Cortex geo sea baseline
  • − Metal produced trails Geo sea's Cortex build, 24356 vs 28451 by 15:00
  • − T2 factory only lands in 35% of games by 12:42
THE EXAMPLE YOU ARE READING

TheSituation

49.3 OS · 20/09/2026

Open source match ↗

7 received units · includes a constructor
107 metal received · 49515 energy received

Allied construction assistance is unknown. Timings are observations, not a promise of solo reproducibility.

Typical milestones

Shipyard1:57Middle 50%: 1:45–2:08 · n=787
Riptide3:51Middle 50%: 3:15–4:31 · n=782
Oppressor5:09Middle 50%: 4:11–6:07 · n=764
Advanced Metal Extractor9:57Middle 50%: 9:15–10:53 · n=667

Played most by

EpicTyrannus68games of this buildDamsko64games of this buildWaboum64games of this buildPRO_HYDRA54games of this buildMrCoolPotato51games of this build